 Dungeon Crawl Stone Soup version 0.19.4 (webtiles) character file.

96 vatarom the Insei (level 4, -5/37 HPs)
             Began as a Draconian Transmuter on Feb 4, 2017.
             Slain by a gnoll
             ... wielding a +4 flail
              (8 damage)
             ... on level 1 of the Dungeon.
             The game lasted 00:04:03 (1649 turns).

vatarom the Insei (Draconian Transmuter)            Turns: 1649, Time: 00:04:04

Health: -5/37      AC:  5    Str: 12    XL:     4   Next: 41%
Magic:  4/7        EV: 12    Int: 13    God:
Gold:   97         SH:  0    Dex: 13    Spells: 3 memorised, 1 level left

rFire  . . .     SeeInvis .       - Unarmed
rCold  + . .     Gourm    +     (armour unavailable)
rNeg   . . .     Faith    .     (no shield)
rPois  .         Spirit   .     (helmet restricted)
rElec  .         Reflect  .     (no cloak)
rCorr  .         Harm     .     (no gloves)
MR     .....                    (no boots)
Stlth  +.........               h - amulet of the gourmand
                                (no ring)
                                j - ring of protection from cold

@: no status effects
A: unfitting armour, cold-blooded, AC +5
a: no special abilities


You were on level 1 of the Dungeon.
You were not hungry.

You visited 1 branch of the dungeon, and saw 2 of its levels.

You collected 97 gold pieces.

Inventory:

Missiles
 a - 39 arrows
Jewellery
 g - an uncursed amulet of rage
 h - an amulet of the gourmand (around neck)
 j - a ring of protection from cold (left hand)
 n - an uncursed ring of teleportation
Scrolls
 i - a scroll of identify
Potions
 e - a potion of curing
 k - a potion of might
Books
 b - a book of Changes

   Spells                             Type                      Level
   a - Beastly Appendage              Transmutation                1
   b - Sticks to Snakes               Transmutation                2
   c - Spider Form                    Transmutation/Poison         3
   d - Ice Form                       Ice/Transmutation            4
   e - Blade Hands                    Transmutation                5
Comestibles
 c - 3 bread rations
 d - a royal jelly
 f - 2 meat rations


   Skills:
 + Level 2.4 Fighting
 - Level 1.7 Dodging
 * Level 4.5 Unarmed Combat
 - Level 2.0 Spellcasting
 + Level 2.4 Transmutations


You had one spell level left.
You knew the following spells:

 Your Spells              Type           Power        Failure   Level  Hunger
a - Beastly Appendage     Tmut           #.....       12%         1    ##.....
b - Sticks to Snakes      Tmut           #.......     17%         2    ###....
c - Spider Form           Tmut/Pois      #.........   52%         3    ####...


Dungeon Overview and Level Annotations

Branches:
Dungeon (2/15)

Altars:

Annotations:
D:2 1 runed door


Innate Abilities, Weirdness & Mutations

Your plain brown scales are hard. (AC +5)
You cannot fit into any form of body armour.
You are cold-blooded and may be slowed by cold attacks.


Message History

The gnoll is moderately wounded.
The gnoll barely misses you.
Your adder barely misses the gnoll.
You hit the gnoll.
The gnoll is heavily wounded.
The gnoll hits you but does no damage.
The gnoll hits you with an enchanted flail.
* * * LOW HITPOINT WARNING * * *
Your adder closely misses the gnoll.
You hit the gnoll.
The gnoll is almost dead.
Your adder bites the gnoll but does no damage.
The gnoll barely misses you.
The gnoll hits you with an enchanted flail.
* * * LOW HITPOINT WARNING * * *
You barely miss the gnoll.
Your tail-slap misses the gnoll.
The gnoll is almost dead.
Your adder barely misses the gnoll.
The gnoll hits you.
* * * LOW HITPOINT WARNING * * *
The gnoll hits you with an enchanted flail!
You die...

#.....# #...... #.....#
#...... #.....########......
#.........##........
########.#>...)............
#.....##.#.#.###....#......
#.....##.#.###########...##
###.....##.Sgg.....#....##.##
#.'.....####@#####.#.##.##.##
#.#............###.#.##.##.##
#.#..........................
#.#....#....##.....#(......##
#.........############...#.#
##...#####.#....#### #.#.#.##
#........#.).......# #.......
#..........#.##.##.# ###.####
#..........'.##....# #.....


You could see 2 gnolls and a friendly adder.

Vanquished Creatures
  Robin (D:2)
  A gnoll (D:1)
  An adder (D:2)
  An ooze (D:2)
  2 dart slugs (D:1)
  A leopard gecko (D:1)
  2 giant cockroaches
  15 goblins
  5 hobgoblins
  A ball python (D:2)
  4 bats
  2 frilled lizards (D:1)
  2 kobolds (D:1)
  A rat (D:2)
39 creatures vanquished.

Vanquished Creatures (collateral kills)
  2 adders
  A hobgoblin (D:1)
  2 kobolds (D:2)
5 creatures vanquished.

Grand Total: 44 creatures vanquished

Notes
Turn   | Place    | Note
-------+----------+-------------------------------------------
     0 | D:1      | vatarom the Draconian Transmuter began the quest for the Orb.
     0 | D:1      | Reached XP level 1. HP: 16/16 MP: 3/3
   149 | D:1      | Reached XP level 2. HP: 20/24 MP: 3/5
   159 | D:1      | Learned a level 2 spell: Sticks to Snakes
   531 | D:1      | Reached XP level 3. HP: 10/29 MP: 1/6
   750 | D:2      | Noticed Robin
   835 | D:1      | Learned a level 3 spell: Spider Form
   838 | D:2      | Reached skill level 4 in Unarmed Combat
  1062 | D:2      | Killed Robin
  1327 | D:2      | Reached XP level 4. HP: 36/36 MP: 2/7
  1503 | D:2      | Found a runed door.
  1528 | D:2      | Found a faded altar of an unknown god.
  1649 | D:1      | Slain by a gnoll

Skill      XL: |  1  2  3 |
---------------+----------+-----
Fighting       | 2 |  2.4
Unarmed Combat | 4 |  4.5
Dodging        | |  1.7
Spellcasting   | |  2.0
Transmutations | |  2.4

Action                   |  1- 3 |  4- 6 || total
-------------------------+-------+-------++-------
Melee: Unarmed           |   110 |    34 ||   144
       Tailslap          |    11 |       ||    11
       Kick              |     3 |     1 ||     4
       Headbutt          |     1 |       ||     1
       Punch             |       |     1 ||     1
 Cast: Beastly Appendage |     7 |     1 ||     8
       Sticks to Snakes  |     5 |     4 ||     9
  Use: Potion            |     3 |     1 ||     4
       Scroll            |     4 |     1 ||     5
  Eat: Bread ration      |     1 |       ||     1
       Chunk             |       |     3 ||     3
Armor: Skin              |    45 |    11 ||    56
Dodge: Dodged            |    99 |    28 ||   127
